 Dungeon Crawl Stone Soup version 0.18.1-47-g9310371 (webtiles) character file.

49 Kisielow the Conjurer (level 3, -3/19 HPs)
             Began as a Deep Elf Conjurer on June 21, 2016.
             Killed from afar by Natasha (6 damage)
             ... with a magic dart
             ... on level 2 of the Dungeon.
             The game lasted 00:03:55 (1022 turns).

Kisielow the Conjurer (Deep Elf Conjurer)           Turns: 1022, Time: 00:03:55

Health: -3/19      AC:  2    Str:  6    XL:     3   Next: 53%
Magic:  1/9        EV: 13    Int: 19    God:
Gold:   37         SH:  0    Dex: 15    Spells: 2 memorised, 5 levels left

rFire  . . .     SeeInvis .     h - +0 club
rCold  . . .     Gourm    .     a - +0 robe
rNeg   . . .     Faith    .     (no shield)
rPois  .         Spirit   .     (no helmet)
rElec  .         Dismiss  .     (no cloak)
rCorr  .         Reflect  .     (no gloves)
SustAt .         Harm     .     (no boots)
MR     .....                    (no amulet)
Stlth  ++........               (no ring)
                                (no ring)

@: not resistant to hostile enchantments, unstealthy
A: no striking features
a: no special abilities


You were on level 2 of the Dungeon.
You were not hungry.

You visited 1 branch of the dungeon, and saw 2 of its levels.

You collected 37 gold pieces.

Inventory:

Hand Weapons
 h - a +0 club (weapon)
Armour
 a - a +0 robe (worn)
Scrolls
 e - 2 scrolls of remove curse {unknown}
 g - a scroll of amnesia {unknown}
 k - a scroll of enchant armour {unknown}
 m - a scroll of identify {unknown}
 n - a scroll of fog {unknown}
Potions
 d - a potion of agility {unknown}
 i - a potion of degeneration {unknown}
 j - 2 potions of resistance {unknown}
Books
 b - a book of Conjurations

   Spells                             Type                      Level
   a - Magic Dart                     Conjuration                  1
   b - Searing Ray                    Conjuration                  2
   c - Dazzling Spray                 Conjuration/Hexes            3
   d - Fulminant Prism                Conjuration/Hexes            4
   e - Iskenderun's Mystic Blast      Conjuration                  4
   f - Iskenderun's Battlesphere      Conjuration/Charms           5
Comestibles
 c - a bread ration
 l - 2 slices of pizza


   Skills:
 - Level 2.4 Dodging
 - Level 2.4 Stealth
 - Level 3.0 Spellcasting
 + Level 5.8 Conjurations


You had 5 spell levels left.
You knew the following spells:

 Your Spells              Type           Power        Failure   Level  Hunger
a - Magic Dart            Conj           ####         1%          1    None
b - Searing Ray           Conj           ####..       1%          2    ##.....


Dungeon Overview and Level Annotations

Branches:
Dungeon (2/15)

Altars:

Annotations:
D:2 Natasha


Message History

Aim: Natasha (lightly wounded)
The searing ray hits Natasha.
Natasha is heavily wounded.
The goblin shouts!
The searing ray hits Natasha.
Natasha is heavily wounded.
The searing ray misses Natasha.
Natasha claws you.
All of the chunks of flesh in your inventory have rotted away.
You closely miss Natasha.
Natasha is heavily wounded.
Natasha casts a spell.
You hit Natasha.
Natasha is severely wounded.
Natasha claws you. The white imp hits you. The white imp freezes you.
* * * LOW HITPOINT WARNING * * *
You barely miss Natasha.
Natasha is severely wounded.
Natasha stares at you and mumbles some strange words.
The magic dart hits you!
You die...

.....#
#........###
.....# #..........
.....#####.......#
...........#.#.###
.....#######...###
.....# #........#
# .....#
#........#####.#
.....#
#......5/.......
.....#
#.......@hg.....
..)..#
#.).............
....##
#........#######
..<## #........#
#### ##########


You could see Natasha, a white imp and a goblin.

Vanquished Creatures
  An adder (D:2)
  A worm (D:2)
  A dart slug (D:1)
  A giant gecko (D:1)
  3 giant cockroaches (D:1)
  7 goblins (D:1)
  6 hobgoblins (D:1)
  3 bats (D:1)
  A giant newt (D:1)
  4 kobolds
  4 rats (D:1)
32 creatures vanquished.

Notes
Turn   | Place    | Note
--------------------------------------------------------------
     0 | D:1      | Kisielow the Deep Elf Conjurer began the quest for the Orb.
     0 | D:1      | Reached XP level 1. HP: 10/10 MP: 6/6
   244 | D:1      | Reached XP level 2. HP: 15/15 MP: 6/8
   262 | D:1      | Learned a level 2 spell: Searing Ray
   263 | D:1      | Reached skill level 5 in Conjurations
   726 | D:1      | Reached XP level 3. HP: 18/19 MP: 4/9
  1013 | D:2      | Noticed Natasha
  1022 | D:2      | Killed from afar by Natasha

Skill      XL: |  1  2 |
---------------+-------+-----
Conjurations   | 5 |  5.8
Dodging        | |  2.4
Stealth        | |  2.4
Spellcasting   | |  3.0

Action                   || total
-------------------------++-------
Melee: Unarmed           ||    10
       Club              ||     3
 Cast: Magic Dart        ||    69
       Searing Ray       ||     1
Armor: Robe              ||     1
Dodge: Dodged            ||     9
